 Dungeon Crawl Stone Soup version 0.26.1-2-gb8aa6d0cf2 (webtiles) character file.

Game seed: 118629090736786620

242 Marvel the Gusty (level 6, -2/32 HPs)
             Began as a Tengu Air Elementalist on Feb 12, 2021.
             Splashed by a centaur's acid (9 damage)
             ... on level 5 of the Dungeon.
             The game lasted 00:08:40 (3463 turns).

Marvel the Gusty (Tengu Air Elementalist)           Turns: 3463, Time: 00:08:41

Health: -2/32      AC:  5    Str:  8    XL:     6   Next: 9%
Magic:  4/11       EV: 15    Int: 17    God:
Gold:   193        SH:  0    Dex: 15    Spells: 10/11 levels left

rFire    . . .     SeeInvis .   w - +2 dagger (holy)
rCold    . . .     Faith    .   (no shield)
rNeg     . . .     Spirit   .   n - +0 troll leather armour
rPois    .         Reflect  .   (helmet restricted)
rElec    .         Harm     .   (no cloak)
rCorr    .         Rampage  .   A - +0 pair of gloves
Will     .....                  (boots unavailable)
Stlth    ++........             (no amulet)
HPRegen  0.50/turn              (no ring)
MPRegen  0.12/turn              (no ring)

@: flying quickly and evasively, quick
A: beak, talons 3, able to fly
a: Stop Flying


You were on level 5 of the Dungeon.
You visited 1 branch of the dungeon, and saw 5 of its levels.

You collected 193 gold pieces.

Inventory:

Hand Weapons
 h - a +0 dagger
 m - a +2 antimagic dagger
 w - a +2 dagger of holy wrath (weapon)
Missiles
 j - 32 poisoned darts
Armour
 a - a +0 robe
 n - a +0 troll leather armour (worn)
 A - a +0 pair of gloves (worn)
Jewellery
 x - an uncursed amulet of the acrobat {unknown}
Wands
 y - a wand of random effects (16)
Scrolls
 c - a scroll of amnesia {unknown}
 d - a scroll of enchant armour {unknown}
 e - 2 scrolls of teleportation {unknown}
 f - 5 scrolls of identify {unknown}
 g - 4 scrolls of blinking {unknown}
 l - 3 scrolls of remove curse {unknown}
 p - a scroll of fear {unknown}
 q - 3 scrolls of magic mapping {unknown}
 r - 2 scrolls of enchant weapon {unknown}
 s - a scroll of random uselessness {unknown}
 z - a scroll of noise {unknown}
Potions
 b - 2 potions of heal wounds {unknown}
 i - 2 potions of brilliance {unknown}
 k - 3 potions of flight {unknown}
 o - a potion of might {unknown}
 t - a potion of lignification {unknown}
 u - a potion of haste {unknown}
 v - a potion of invisibility {unknown}
 B - a potion of resistance {unknown}


   Skills:
 + Level 0.3 Fighting
 + Level 0.4 Short Blades
 + Level 1.4 Armour
 + Level 2.7 Dodging
 + Level 2.3 Stealth
 + Level 3.2 Spellcasting
 + Level 3.8 Conjurations
 + Level 5.7 Air Magic


You had 10 spell levels left.
You knew the following spells:

 Your Spells              Type           Power        Failure   Level
a - Shock                 Conj/Air       76%          3%          1

Your spell library contained the following spells:

 Spells                   Type           Power        Failure   Level
 Swiftness                Air            22%          3%          2
 Static Discharge         Conj/Air       19%          10%         3
 Airstrike                Air            11%          22%         4
 Animate Skeleton         Necr           4%           24%         1
 Apportation              Tloc           4%           24%         1
 Corona                   Hex            2%           24%         1
 Summon Small Mammal      Summ           8%           24%         1
 Lightning Bolt           Conj/Air       9%           67%         5


Dungeon Overview and Level Annotations

Branches:
Dungeon (5/15)
 Temple: D:4-7

Altars:
Ashenzari
Kikubaaqudgha


Innate Abilities, Weirdness & Mutations

You have a beak for a mouth.
You have claws for feet.
You can fly continuously.


Message History

The centaur unwields a +0 mace.
The centaur wields a +0 shortbow.
The centaur shoots an arrow.
The arrow hits you!
The centaur shoots an arrow.
The arrow hits you!
Aiming: Shock (safe; 3% risk of failure)
Press: ? - help, Q - select action, (/) - cycle Shift-Dir - straight line, f - gnoll
Aim: a gnoll, wielding a +0 club (moderately wounded, 25% to evade)
The zap hits the gnoll.
The gnoll is moderately wounded.
The zap hits the centaur.
The centaur is moderately wounded.
Aiming: Shock (safe; 3% risk of failure)
Press: ? - help, Q - select action, (/) - cycle Shift-Dir - straight line, f/p - gnoll
Aim: a gnoll, wielding a +0 club (moderately wounded, 25% to evade)
The zap misses the gnoll.
Your magical contamination has completely faded away.
There is an open door here.
The centaur zaps a wand.
The bolt of acid hits you!
* * * LOW HITPOINT WARNING * * *
You are splashed with acid!
You die...

#.#...#.###....##### .
#.#..##.##.......... .#
+.......##......... #.#
#.......##.......# ...#
#..........#.>...##.†..
#.........#........#
##.........#........#
#...........@..g....#
#)...##......###'##.#
#....#####..c# #.#
#...<# #.....#.# #....#
###.#.#g# #....#
#+#.#S# #....# .$#
#....# .### #....#


c) You could see a centaur and a gnoll.

Vanquished Creatures
  An ogre (D:4)
  A bullfrog zombie (D:5)
  A worker ant (D:2)
  A gnoll (D:5)
  A white imp (D:5)
  An ooze (D:2)
  A worm (D:4)
  A dart slug (D:1)
  4 leopard geckos
  2 orcs
  A ball python (D:3)
  9 bats
  6 giant cockroaches
  7 goblins
  5 hobgoblins
  10 kobolds
  2 quokkas
  11 frilled lizards
  6 rats
71 creatures vanquished.

Notes
Turn   | Place    | Note
-------+----------+-------------------------------------------
     0 | D:1      | Marvel the Tengu Air Elementalist began the quest for the
                  | Orb.
     0 | D:1      | Reached XP level 1. HP: 10/10 MP: 4/4
   169 | D:1      | Reached XP level 2. HP: 15/15 MP: 3/6
   719 | D:1      | Reached XP level 3. HP: 19/19 MP: 0/7
  1168 | D:2      | Reached skill level 5 in Air Magic
  1302 | D:2      | Reached XP level 4. HP: 10/24 MP: 1/8
  2731 | D:4      | Noticed an ogre
  2746 | D:4      | Killed an ogre
  2747 | D:4      | Reached skill level 1 in Armour
  2747 | D:4      | Gained mutation: You can fly continuously. [Tengu growth]
  2747 | D:4      | Reached XP level 5. HP: 28/28 MP: 2/10
  2933 | D:4      | Found an ancient bone altar of Kikubaaqudgha.
  3037 | D:4      | Got a glimmering hunting sling
  3038 | D:4      | Identified the +2 hunting sling of the King {flame, Fragile
                  | rC+ Int+2 Dex+7 Stlth+} (You found it on level 4 of the
                  | Dungeon)
  3197 | D:4      | Found a broken altar of Ashenzari.
  3329 | D:5      | Entered Level 5 of the Dungeon
  3398 | D:5      | Reached XP level 6. HP: 30/32 MP: 7/11
  3463 | D:5      | Splashed by a centaur's acid

Illustrated notes

Levels and vault maps discovered:
D:1:      dpeg_arrival_concentric_ovals, layout_basic
D:2:      layout_rooms
D:3:      layout_basic, grunt_ministairs_2, nrook_mini_vaults
D:4:      layout_loops_cross, general_overflow_altar, evilmike_ruin_ashenzari
D:5:      layout_basic, grunt_temple_overflow_order_and_chaos_2,
          grunt_ministairs_13

Skill      XL: |  1  2  3  4 |
---------------+-------------+-----
Air Magic      | 5 |  5.7
Conjurations   | 2 3 |  3.8
Armour         | 1 |  1.4
Spellcasting   | 3 |  3.2
Fighting       | |  0.3
Short Blades   | |  0.4
Dodging        | |  2.7
Stealth        | |  2.3

Action                   |  1- 3 |  4- 6 || total
-------------------------+-------+-------++-------
Melee: Dagger            |    12 |    27 ||    39
       Kick              |     4 |     6 ||    10
       Unarmed           |     1 |       ||     1
       Peck              |     7 |     5 ||    12
 Cast: Shock             |    60 |    84 ||   144
 Abil: Fly               |       |     1 ||     1
Armor: Robe              |     3 |       ||     3
       Troll leather arm |     1 |     7 ||     8
Dodge: Dodged            |    14 |    18 ||    32
